 Dungeon Crawl Stone Soup version 0.23.2-30-g0e89c35 (webtiles) character file.

Game seed: 8646248118079798679

149 Fang the Skirmisher (level 5, -1/33 HPs)
             Began as a Gargoyle Berserker on June 7, 2019.
             Was a Believer of Trog.
             Slain by Grinder (6 damage)
             ... on level 3 of the Dungeon.
             The game lasted 00:02:38 (2642 turns).

Fang the Skirmisher (Gargoyle Berserker)            Turns: 2642, Time: 00:02:39

Health: -1/33      AC:  6    Str: 22    XL:     5   Next: 31%
Magic:  5/5        EV: 12    Int:  7    God:    Trog [**....]
Gold:   215        SH:  0    Dex:  9    Spells: 4/4 levels left

rFire    . . .     SeeInvis .   a - +0 hand axe
rCold    . . .     Gourm    .   (no shield)
rNeg     + . .     Faith    .   b - +0 animal skin
rPois    ∞         Spirit   .   (no helmet)
rElec    +         Reflect  .   (no cloak)
rCorr    .         Harm     .   (no gloves)
MR       ++...                  (no boots)
Stlth    +.........             r - amulet of magic regeneration
HPRegen  1.11/turn              (no ring)
MPRegen  0.34/turn              (no ring)

@: regenerating
A: negative energy resistance 1, electricity resistance, unbreathing,
petrification resistance, rot immunity, AC +4
a: Berserk, Trog's Hand, Renounce Religion


You were on level 3 of the Dungeon.
You worshipped Trog.
Trog was pleased with you.
You were not hungry.

You visited 1 branch of the dungeon, and saw 3 of its levels.

You collected 215 gold pieces.

Inventory:

Hand Weapons
 a - a +0 hand axe (weapon)
Armour
 b - a +0 animal skin (worn)
Jewellery
 r - an amulet of magic regeneration (around neck)
Wands
 m - a wand of digging (5)
Scrolls
 d - a scroll of amnesia {unknown}
 e - 4 scrolls of teleportation {unknown}
 i - 2 scrolls of identify {unknown}
 j - 2 scrolls of magic mapping {unknown}
 o - a scroll of immolation {unknown}
 p - a scroll of remove curse {unknown}
Potions
 f - 3 potions of brilliance {unknown}
 h - a potion of mutation {unknown}
 k - 2 potions of lignification {unknown}
 l - a potion of invisibility {unknown}
 n - 3 potions of degeneration {unknown}
 q - a potion of curing {unknown}
Comestibles
 c - 6 rations


   Skills:
 + Level 4.2 Fighting
 + Level 3.6 Axes
 + Level 3.4 Armour
 + Level 2.5 Dodging


You had 4 spell levels left.
You didn't know any spells.
Your spell library was empty.

Dungeon Overview and Level Annotations

Branches:
Dungeon (3/15)

Altars:
Cheibriados

Annotations:
D:3 Grinder


Innate Abilities, Weirdness & Mutations

You are resistant to torment.
Your stone body is resilient. (AC +4)
You are immune to poison.
You resist negative energy. (rN+)
You are resistant to electric shocks. (rElec)
You can survive without breathing.
You are immune to petrification.
You are immune to rotting.


Message History

You are too injured to fight recklessly!
You are too injured to fight recklessly!
You are too injured to fight recklessly!
You are too injured to fight recklessly!
You are too injured to fight recklessly!
You are too injured to fight recklessly!
You are too injured to fight recklessly!
You are too injured to fight recklessly!
You barely miss Grinder.
Grinder is moderately wounded.
Grinder hits you.
You hit Grinder.
Grinder is heavily wounded.
Grinder gestures at you. Pain shoots through your body!
* * * LOW HITPOINT WARNING * * *
Your skin crawls.
You feel resistant to hostile enchantments.
You feel somewhat more hungry. Grinder hits you.
You die...

... .....?....#.......#.#..
..##..#.....................
#.......[......#..##...#.#. ....
..........#..##...#.# ..#
.#.###....#..##...#.#.
#.##..#...#...................
...............#...<........##
#.##..#.###.#.................
................@5.....#......
#.##..#.###.##................
#.##..#.# #............#.....#
#.##..#.####.#.#..###..#.....#
......#...........#.#........####
#.##............##.##............
......÷.........#.#..........####
..##.##.####..##.##....##.#..####
......#.#.....#.#...#...._.......


You could see Grinder.

Vanquished Creatures
  Terence (D:2)
  Robin (D:2)
  A gnoll (D:1)
  4 adders
  A worm (D:2)
  A dart slug (D:1)
  A leopard gecko (D:3)
  An orc (D:3)
  7 bats
  3 giant cockroaches (D:3)
  14 goblins
  6 hobgoblins
  5 jackals (D:2)
  2 kobolds
  A quokka (D:2)
  A ball python (D:3)
  2 frilled lizards
  7 rats
59 creatures vanquished.

Notes
Turn   | Place    | Note
-------+----------+-------------------------------------------
     0 | D:1      | Fang the Gargoyle Berserker began the quest for the Orb.
     0 | D:1      | Reached XP level 1. HP: 14/14 MP: 1/1
   283 | D:1      | Reached XP level 2. HP: 19/19 MP: 2/2
   870 | D:1      | Reached XP level 3. HP: 23/23 MP: 3/3
  1010 | D:2      | Noticed Robin
  1020 | D:2      | Killed Robin
  1025 | D:2      | Reached XP level 4. HP: 24/29 MP: 4/4
  1211 | D:2      | Reached ** piety under Trog
  1357 | D:2      | Noticed Terence
  1369 | D:2      | Killed Terence
  1369 | D:2      | Reached skill level 4 in Fighting
  1732 | D:2      | Reached XP level 5. HP: 31/33 MP: 5/5
  2223 | D:3      | Found a snail-covered altar of Cheibriados.
  2409 | D:3      | Noticed Grinder
  2414 | D:3      | Paralysed by Grinder for 7 turns
  2427 | D:3      | Paralysed by Grinder for 3 turns
  2444 | D:3      | Paralysed by Grinder for 7 turns
  2642 | D:3      | Slain by Grinder

Skill      XL: |  1  2  3  4 |
---------------+-------------+-----
Axes           | 3 |  3.6
Dodging        | 2 |  2.5
Armour         | 3 |  3.4
Fighting       | 4 |  4.2

Action                   |  1- 3 |  4- 6 || total
-------------------------+-------+-------++-------
Melee: Hand axe          |    40 |   167 ||   207
Invok: Berserk           |     1 |     1 ||     2
       Trog's Hand       |       |     2 ||     2
 Stab: Sleeping          |       |     1 ||     1
  Eat: Chunk             |       |     8 ||     8
Armor: Animal skin       |    10 |    62 ||    72
Dodge: Dodged            |    30 |   115 ||   145
